 Dungeon Crawl Stone Soup version 0.22-a0-117-g314b907 (webtiles) character file.

3610 galech the Grappler (level 9, -5/93 HPs)
             Began as a Troll Monk on Jan 29, 2018.
             Was a High Priest of Okawaru.
             Slain by a two-headed ogre
             ... wielding a +0 giant club
              (19 damage)
             ... on level 9 of the Dungeon on Jan 30, 2018.
             The game lasted 00:10:33 (6328 turns).

galech the Grappler (Troll Monk)                    Turns: 6328, Time: 00:10:34

Health: -5/93      AC:  5    Str: 21    XL:     9   Next: 86%
Magic:  8/8        EV: 11    Int:  6    God:    Okawaru [*****.]
Gold:   425        SH:  0    Dex: 16    Spells: 8/8 levels left

rFire    + . .     SeeInvis .     - Unarmed
rCold    . . .     Gourm    +   (no shield)
rNeg     . . .     Faith    .   a - +0 robe
rPois    +         Spirit   .   (helmet restricted)
rElec    .         Reflect  .   (no cloak)
rCorr    .         Harm     .   (gloves unavailable)
MR       .....                  (boots unavailable)
Stlth    ++........             (no amulet)
HPRegen  0.65/turn              f - ring of Qarotasy {rPois rF+ Str-3 Dex+4}
MPRegen  0.11/turn              J - +5 ring of slaying

@: no status effects
A: large, unfitting armour, claws 3, fast metabolism 3, gourmand, regeneration
1, shaggy fur 1, tough skin 2
a: Heroism, Finesse, Renounce Religion


You were on level 9 of the Dungeon.
You worshipped Okawaru.
Okawaru was extremely pleased with you.
You were very full.

You visited 2 branches of the dungeon, and saw 10 of its levels.

You collected 425 gold pieces.

Inventory:

Armour
 a - a +0 robe (worn)
Jewellery
 f - the ring of Qarotasy (left claw) {rPois rF+ Str-3 Dex+4}
   (You found it on level 7 of the Dungeon)

   [ring of dexterity]

   It affects your strength (-3).
   It affects your dexterity (+4).
   It protects you from fire.
   It protects you from poison.
 p - an uncursed ring of protection from magic
 r - an uncursed ring of wizardry
 z - an uncursed ring of wizardry
 D - a +5 ring of intelligence
 G - an uncursed ring of positive energy
 J - a +5 ring of slaying (right claw)
 L - an uncursed ring of ice
Wands
 t - a wand of disintegration (11)
 x - a wand of acid (18)
 y - a wand of paralysis (21)
 A - a wand of random effects (15)
 N - a wand of iceblast (11)
Scrolls
 c - 7 scrolls of remove curse
 g - 3 scrolls of teleportation {unknown}
 i - 2 scrolls of fog {unknown}
 j - 2 scrolls of magic mapping {unknown}
 m - 7 scrolls of identify {unknown}
 n - a scroll of enchant armour {unknown}
 q - 2 scrolls of enchant weapon {unknown}
 s - 2 scrolls of blinking {unknown}
 E - a scroll of random uselessness {unknown}
 F - a scroll of amnesia {unknown}
 H - a scroll of fear {unknown}
 I - a scroll of torment {unknown}
Potions
 d - 2 potions of berserk rage {unknown}
 e - 3 potions of lignification {unknown}
 h - 3 potions of curing {unknown}
 k - 2 potions of cancellation {unknown}
 l - 2 potions of might {unknown}
 o - 2 potions of heal wounds {unknown}
 u - 2 potions of degeneration {unknown}
 v - 2 potions of agility {unknown}
 w - 3 potions of mutation {unknown}
 B - 2 potions of brilliance {unknown}
 C - a potion of ambrosia {unknown}
Books
 K - a book of Necromancy

   Spells                             Type                      Level
   a - Pain                           Necromancy                   1
   b - Animate Skeleton               Necromancy                   1
   c - Vampiric Draining              Necromancy                   3
   d - Regeneration                   Charms/Necromancy            3
   e - Animate Dead                   Necromancy                   4
Comestibles
 b - 15 rations
 M - 2 chunks of flesh


   Skills:
 + Level 7.2 Fighting
 - Level 2.7 Dodging
 - Level 1.4 Stealth
 * Level 11.6 Unarmed Combat


You had 8 spell levels left.
You didn't know any spells.

Dungeon Overview and Level Annotations

Branches:
Dungeon (9/15)             Temple (1/1) D:6
   Lair: D:8-11         Orc: D:9-12

Altars:
Ashenzari
Cheibriados
Dithmenos
Elyvilon
Fedhas
Gozag
Hepliaklqana
Kikubaaqudgha
Makhleb
Nemelex Xobeh
Okawaru
Qazlal
Ru
Sif Muna
Trog
Uskayaw
Vehumet
Wu Jian
Xom
Yredelemnul
Zin
The Shining One


Innate Abilities, Weirdness & Mutations

You are too large for most types of armour.
You have claws for hands.
Your metabolism is lightning-fast.
You like to eat raw meat.
Your natural rate of healing is unusually fast.
You are covered in fur. (AC +1)
You have very tough skin. (AC +2)


Message History

You are too injured to fight recklessly!
You are too injured to fight recklessly!
You are too injured to fight recklessly!
You are too injured to fight recklessly!
You are too injured to fight recklessly!
You are too injured to fight recklessly!
You are too injured to fight recklessly!
You are too injured to fight recklessly!
You are too injured to fight recklessly!
You are too injured to fight recklessly!
You are too injured to fight recklessly!
You are too injured to fight recklessly!
You closely miss the two-headed ogre.
The two-headed ogre is moderately wounded.
You claw the two-headed ogre!
The two-headed ogre is severely wounded.
The two-headed ogre hits you with a giant club!!
* * * LOW HITPOINT WARNING * * *
The two-headed ogre hits you with a giant spiked club!!
You die...

#.# #. #.# #( ####
##.##
##[##...##...#######
##....# #......##...##
#.......##....##....>#
#... #..............#
#.O#####.#.###......
#@###.##.# ##...##
##...###.# ##### #####
#.# ##.######
#.......# #..####.#
#..# #..# ....


You could see a two-headed ogre.

Vanquished Creatures
  A two-headed ogre (D:8)
  The ghost of Regeox the Cleaver, a novice HOFi of Okawaru (D:7)
  Grum (D:8)
  Edmund (D:4)
  A sky beast (D:8)
  2 ogres
  A black bear (D:9)
  A phantom (D:4)
  An ice beast (D:6)
  2 centaurs (D:7)
  2 wolves (D:8)
  5 scorpions
  2 vampire bats (D:8)
  5 wights
  A howler monkey (D:4)
  A crimson imp (D:6)
  A bullfrog skeleton (D:6)
  A centaur zombie (D:8)
  An orc wizard (D:7)
  2 jellies
  An orc priest (D:6)
  4 hounds
  An iguana (D:4)
  4 worker ants
  A killer bee zombie (D:8)
  A hound zombie (D:5)
  2 worker ant zombies
  4 gnolls (D:3)
  5 adders
  3 shadow imps
  2 oozes (D:3)
  An adder zombie (D:7)
  An adder skeleton (D:5)
  2 worms (D:3)
  A dart slug (D:1)
  5 leopard geckos
  12 orcs
  11 bats
  3 bat skeletons (D:8)
  3 bat zombies (D:8)
  5 giant cockroaches
  5 goblins
  8 hobgoblins
  9 jackals
  A quokka (D:4)
  2 ball pythons
  5 frilled lizards
  6 kobolds
  2 leopard gecko skeletons
  A quokka skeleton (D:6)
  11 rats
155 creatures vanquished.

Notes
Turn   | Place    | Note
-------+----------+-------------------------------------------
     0 | D:1      | galech the Troll Monk began the quest for the Orb.
     0 | D:1      | Reached XP level 1. HP: 22/22 MP: 0/0
   239 | D:1      | Reached XP level 2. HP: 28/29 MP: 1/1
   431 | D:1      | Reached XP level 3. HP: 36/36 MP: 2/2
   536 | D:1      | You fall through a shaft!
  1188 | D:2      | Found a glowing silver altar of Zin.
  1222 | D:2      | Found an opulent altar of Gozag.
  1223 | D:2      | Found a sparkling altar of Nemelex Xobeh.
  1412 | D:3      | Reached XP level 4. HP: 40/44 MP: 3/3
  1706 | D:3      | Reached skill level 4 in Unarmed Combat
  1860 | D:3      | Reached XP level 5. HP: 48/53 MP: 4/4
  2112 | D:4      | Reached skill level 5 in Unarmed Combat
  2384 | D:4      | Noticed a phantom
  2410 | D:4      | Killed a phantom
  2410 | D:4      | Reached XP level 6. HP: 38/62 MP: 5/5
  2550 | D:4      | Noticed Edmund
  2560 | D:4      | Killed Edmund
  2560 | D:4      | Reached skill level 6 in Unarmed Combat
  2779 | D:5      | Entered Level 5 of the Dungeon
  2857 | D:5      | Reached XP level 7. HP: 70/70 MP: 6/6
  3349 | D:6      | Found a staircase to the Ecumenical Temple.
  3358 | Temple   | Entered the Ecumenical Temple
  3452 | Temple   | Became a worshipper of Warmaster Okawaru
  3452 | Temple   | Reached * piety under Okawaru
  3452 | Temple   | Reached ** piety under Okawaru
  3499 | D:6      | Reached skill level 7 in Unarmed Combat
  3548 | D:6      | Found a sparkling altar of Nemelex Xobeh.
  4229 | D:7      | Got a translucent lead ring
  4231 | D:7      | Identified the ring of Qarotasy {rPois rF+ Str-3 Dex+4} (You found it on level 7 of the Dungeon)
  4314 | D:6      | Reached XP level 8. HP: 75/79 MP: 7/7
  4326 | D:6      | Reached skill level 8 in Unarmed Combat
  4338 | D:7      | Reached skill level 5 in Fighting
  4389 | D:7      | Noticed Regeox's ghost (novice HOFi)
  4407 | D:7      | Killed Regeox's ghost
  4407 | D:7      | Reached *** piety under Okawaru
  4407 | D:7      | Reached skill level 9 in Unarmed Combat
  4652 | D:7      | Reached **** piety under Okawaru
  4796 | D:7      | Reached XP level 9. HP: 69/89 MP: 8/8
  4864 | D:7      | Reached skill level 10 in Unarmed Combat
  5590 | D:8      | Noticed Grum
  5601 | D:8      | Killed Grum
  5988 | D:8      | Noticed a two-headed ogre
  5997 | D:8      | Killed a two-headed ogre
  5997 | D:8      | Reached ***** piety under Okawaru
  5997 | D:8      | Reached skill level 11 in Unarmed Combat
  6184 | D:8      | Found an ancient bone altar of Kikubaaqudgha.
  6322 | D:9      | Noticed a two-headed ogre
  6328 | D:9      | Slain by a two-headed ogre

Vault maps used:
D:1:      dpeg_arrival_another_circle
D:2:      minitemple
D:4:      first_ration, minmay_misc_feat_room, uniq_edmund
D:5:      hex_large, roderic_roman_lattice
D:6:      minmay_temple_entry_nine_rooms, basic_altar
D:8:      kennysheep_vampire_church, uniq_grum
D:9:      serial_shops, nicolae_shop_crystal
Temple:   regret_index_temple_mists

Skill      XL: |  1  2  3  4  5  6  7  8  9 |
---------------+----------------------------+-----
Unarmed Combat | 4 5 6 7 9 11 | 11.6
Fighting       | 3 4 6 7 |  7.2
Dodging        | |  2.7
Stealth        | |  1.4

Action                   |  1- 3 |  4- 6 |  7- 9 || total
-------------------------+-------+-------+-------++-------
Melee: Unarmed           |   118 |   108 |   218 ||   444
       Punch             |     1 |     2 |     9 ||    12
Invok: Heroism           |       |       |     1 ||     1
  Use: Scroll            |       |       |     1 ||     1
 Stab: Sleeping          |     5 |     1 |     9 ||    15
  Eat: Chunk             |    18 |    14 |    31 ||    63
Armor: Robe              |    69 |    32 |    47 ||   148
Dodge: Dodged            |    85 |    56 |    90 ||   231

Table legend:
 A = Spawn XP
 B = Non-spawn XP
 C = Spawn XP percentage of total XP
 D = Spawn monster count
 E = Non-spawn monster count
 F = Spawn count percentage of total count
 G = Total turns spent on level
                    A         B        C        D         E        F      G
               +---------+---------+-------+---------+---------+-------+---------
         Total |       0 |    5158 |   0.0 |       0 |     155 |   0.0 |  6328
               +---------+---------+-------+---------+---------+-------+---------
           D:1 |       0 |      44 |   0.0 |       0 |      26 |   0.0 |   691
           D:2 |       0 |      25 |   0.0 |       0 |      17 |   0.0 |   666
           D:3 |       0 |     127 |   0.0 |       0 |      26 |   0.0 |   627
           D:4 |       0 |     529 |   0.0 |       0 |      11 |   0.0 |   795
           D:5 |       0 |      51 |   0.0 |       0 |       6 |   0.0 |   560
           D:6 |       0 |     710 |   0.0 |       0 |      21 |   0.0 |   794
           D:7 |       0 |    1677 |   0.0 |       0 |      22 |   0.0 |  1136
           D:8 |       0 |    1757 |   0.0 |       0 |      23 |   0.0 |   858
           D:9 |       0 |     238 |   0.0 |       0 |       3 |   0.0 |    86
               +---------+---------+-------+---------+---------+-------+---------
